 Dungeon Crawl Stone Soup version 0.21.1-1-g345015f (webtiles) character file.

114 inc the Vexing (level 4, 18/18 HPs)
             Began as a Felid Enchanter on Feb 28, 2018.
             Quit the game on level 3 of the Dungeon.
             The game lasted 00:07:08 (3792 turns).

inc the Vexing (Felid Enchanter)                    Turns: 3792, Time: 00:07:09

Health: 18/18      AC:  1    Str:  4    XL:     4   Next: 66%
Magic:  8/8        EV: 19    Int: 18    God:
Gold:   123        SH:  0    Dex: 16    Spells: 1/7 levels left
                                        Lives:  0   Deaths: 1

rFire    . . .     SeeInvis +     - Unarmed
rCold    . . .     Gourm    .   (shield unavailable)
rNeg     . . .     Faith    .   (armour unavailable)
rPois    .         Spirit   .   (helmet unavailable)
rElec    .         Reflect  .   (cloak unavailable)
rCorr    .         Harm     .   (gloves unavailable)
MR       .....                  (boots unavailable)
Stlth    +++.......             (no amulet)
HPRegen  0.06/turn              (no ring)
MPRegen  0.11/turn              (no ring)

@: quick
A: very small, no armour, no weapons or thrown items, stealth, claws 1, fangs 3,
see invisible, carnivore, speed 1, shaggy fur 1, slow metabolism 1, sharp paws
a: no special abilities


You were on level 3 of the Dungeon.
You were not hungry.

You visited 1 branch of the dungeon, and saw 3 of its levels.

You collected 123 gold pieces.

Inventory:

Jewellery
 r - an uncursed ring of protection from cold {unknown}
Wands
 n - a wand of enslavement (7)
Scrolls
 d - 4 scrolls of identify {unknown}
 f - a scroll of noise {unknown}
 g - a scroll of amnesia {unknown}
 i - a scroll of teleportation {unknown}
 k - a scroll of immolation {unknown}
 o - a scroll of magic mapping {unknown}
 q - a scroll of random uselessness {unknown}
Potions
 c - 2 potions of degeneration {unknown}
 e - 3 potions of curing {unknown}
 h - a potion of lignification {unknown}
 j - a potion of cancellation {unknown}
 l - a potion of flight {unknown}
 m - a potion of haste {unknown}
 p - 2 potions of might {unknown}
Books
 a - a book of Maledictions

   Spells                             Type                      Level
   a - Corona                         Hexes                        1
   b - Ensorcelled Hibernation        Hexes/Ice                    2
   c - Confuse                        Hexes                        3
   d - Tukima's Dance                 Hexes                        3
   e - Dazzling Spray                 Conjuration/Hexes            3
Comestibles
 b - 6 rations


   Skills:
 - Level 4.3 Dodging
 - Level 4.0 Stealth
 - Level 3.1 Unarmed Combat
 - Level 2.0 Spellcasting
 + Level 6.0 Hexes
 + Level 2.2 Ice Magic


You had one spell level left.
You knew the following spells:

 Your Spells              Type           Power        Failure   Level  Hunger
a - Corona                Hex            ###....      1%          1    #......
b - Ensorcelled Hibernat  Hex/Ice        ###...       4%          2    ###....
c - Confuse               Hex            ###.....     4%          3    ###....


Dungeon Overview and Level Annotations

Branches:
Dungeon (3/15)

Altars:
Kikubaaqudgha
Nemelex Xobeh
Qazlal
Wu Jian


Innate Abilities, Weirdness & Mutations

You cannot wear armour.
You are incapable of wielding weapons or throwing items.
Your paws allow you to move quietly. (Stealth)
You have sharp claws.
You have razor-sharp teeth.
You have supernaturally acute eyesight. (SInv)
You are carnivorous and can eat meat at any time.
You cover ground quickly.
You are covered in fur. (AC +1)
You have a slow metabolism.
Your sharp claws are effective at attacking unaware monsters.


Message History

The orc closely misses you.
You see here a hand axe.
You scratch the orc but do no damage. The orc barely misses you.
You closely miss the orc. The orc completely misses you.
Casting: Confuse
Confirm with . or Enter, or press ? or * to list all spells.
Aiming: Corona
Press: ? - help, Shift-Dir - straight line, f/p - orc
Aim: an orc, wielding a club and wearing a leather armour (chance to defeat MR: 78%)
The orc barely resists.
You closely miss the orc. The orc hits you with a club.
You closely miss the orc. The orc hits you with a club.
* * * LOW HITPOINT WARNING * * *
You completely miss the orc. You bite the orc, but do no damage.
The orc closely misses you.
You barely miss the orc. The orc hits you with a club.
You die...
You are now level 4!
You rejoin the land of the living...
Are you sure you want to abandon this character and quit the game? (Confirm with "yes".)

. .#####..###
.........# #.######)#
.. #####.# .. ...#.#
##### #.# #.#[###....
#.# ###.......###
##.###...#####.#
#@.......# #.###
#..#.....# #....
####..#.....# #.###
............#####o...
######.....o..(o.###
#.....##...)...
#.#.####.(#####
#.#.......#
#.######.##


There were no monsters in sight!

Vanquished Creatures
  A centaur zombie (D:3)
  An orc priest (D:3)
  Jessica (D:3)
  Ijyb (D:3)
  5 adders
  4 worms
  A leopard gecko (D:3)
  3 orcs (D:3)
  6 bats
  3 giant cockroaches
  7 hobgoblins
  2 jackals (D:1)
  A quokka (D:3)
  3 frilled lizards
  5 goblins
  4 kobolds (D:1)
  3 rats
51 creatures vanquished.

Notes
Turn   | Place    | Note
-------+----------+-------------------------------------------
     0 | D:1      | inc the Felid Enchanter began the quest for the Orb.
     0 | D:1      | Reached XP level 1. HP: 7/7 MP: 4/4
   621 | D:1      | Reached XP level 2. HP: 11/11 MP: 1/6
   689 | D:1      | Learned a level 2 spell: Ensorcelled Hibernation
  1762 | D:2      | Found an ornate altar of the Wu Jian Council.
  1788 | D:2      | Found a sparkling altar of Nemelex Xobeh.
  1803 | D:2      | Reached XP level 3. HP: 14/14 MP: 2/7
  1974 | D:2      | Found a stormy altar of Qazlal.
  2367 | D:2      | Reached XP level 4. HP: 18/18 MP: 0/8
  2755 | D:3      | Found an ancient bone altar of Kikubaaqudgha.
  2773 | D:3      | Noticed Jessica
  2783 | D:3      | Killed Jessica
  2791 | D:3      | Reached skill level 1 in Ice Magic
  3013 | D:3      | Noticed Ijyb
  3016 | D:3      | Killed Ijyb
  3016 | D:3      | Reached skill level 5 in Hexes
  3016 | D:3      | Reached XP level 5. HP: 19/21 MP: 6/9
  3198 | D:2      | Learned a level 3 spell: Confuse
  3782 | D:3      | Reached skill level 6 in Hexes
  3791 | D:3      | Slain by an orc
  3792 | D:3      | Reached XP level 4. HP: -2/18 MP: 1/8
  3792 | D:3      | Quit the game

Skill      XL: |  1  2  3  4  5 |
---------------+----------------+-----
Unarmed Combat | 2 3 |  3.1
Dodging        | 4 |  4.3
Ice Magic      | 1 2 |  2.2
Hexes          | 5 6 |  6.0
Stealth        | |  4.0
Spellcasting   | |  2.0

Action                   |  1- 3 |  4- 6 || total
-------------------------+-------+-------++-------
Melee: Unarmed           |   103 |    63 ||   166
       Bite              |     4 |     5 ||     9
 Cast: Corona            |    25 |     8 ||    33
       Ensorcelled Hiber |    19 |    22 ||    41
       Confuse           |       |     3 ||     3
 Stab: Sleeping          |    12 |    16 ||    28
       Confused          |       |     3 ||     3
  Eat: Chunk             |    12 |       ||    12
Armor: Skin              |    11 |       ||    11
Dodge: Dodged            |   102 |    37 ||   139
